Match 47208425
Unlisted

Match 47208425
End
Scout Squad
Construct Barracks
Selects Advanced Infantry Battlegroup
Riflemen Squad
1⁄4-ton 4x4 Truck
Riflemen Squad
Grenade Package
Engineer Squad
Construct Medical Station
Selects Artillery Observers
Construct Weapon Support Center
Air Support Center
Bazooka Squad
Grasshopper Recon Run
Bazooka Squad
M1919 Machine Gun Team
Improved M9 Bazooka Rockets
Grasshopper Recon Run
Selects Convert to Ranger Squad
Selects Designate Assault Position
Selects Infantry Assault
Construct Tank Depot
M18 Hellcat Tank Destroyer
P-47 Strafing Run
M1919 Machine Gun Team
Selects M2A1 105mm Howitzer Emplacement
M4A1 Sherman Medium Tank
Grasshopper Recon Run
M18 Hellcat Tank Destroyer
M18 Hellcat Tank Destroyer
Ranger Squad
Grasshopper Recon Run
Septimum
Seocheon
Ares
RedLeaderToBase
0
0

Comments sign in to comment!

No comments posted yet!